 Dungeon Crawl Stone Soup version 0.24.1 (webtiles) character file.

Game seed: 14776828850508405632, levelgen mode: deterministic

70114 yeosin the Thaumaturge (level 14, -8/78 HPs)
             Began as a Deep Elf Fire Elementalist on Mar 28, 2020.
             Was a High Priest of Sif Muna.
             Mangled by a dream sheep (28 damage)
             ... on level 4 of the Lair of Beasts.
             The game lasted 02:48:32 (33638 turns).

yeosin the Thaumaturge (DEFE)                      Turns: 33638, Time: 02:48:32

Health: -8/78      AC: 19    Str:  9      XL:     14   Next: 92%
Magic:  41/41      EV: 11    Int: 29 (31) God:    Sif Muna [*****.]
Gold:   808        SH:  0    Dex: 14      Spells: 7/37 levels left

rFire    . . .     SeeInvis .   a - +8 short sword "Luniatu" {pierce, rElec Int+6 Dex-3}
rCold    . . .     Gourm    .   K - +0 shield
rNeg     . . .     Faith    +   r - +0 troll leather armour
rPois    .         Spirit   .   U - +2 helmet {Int+3}
rElec    +         Reflect  .   G - +1 cloak
rCorr    .         Harm     .   (no gloves)
MR       +....                  n - +1 pair of boots
Stlth    +++.......             R - amulet of faith
HPRegen  0.63/turn              P - ring of magical power
MPRegen  0.27/turn              M - +4 ring of protection

@: sleeping
A: claws 1, thin metallic scales 1, agile 1, blink, deterioration 1
a: Blink, Channel Magic, Forget Spell, Divine Exegesis, Renounce Religion


You were on level 4 of the Lair of Beasts.
You worshipped Sif Muna.
Sif Muna was extremely pleased with you.
You were not hungry.

You visited 3 branches of the dungeon, and saw 21 of its levels.
You also visited: Ice Cave.

You collected 1733 gold pieces.
You spent 925 gold pieces at shops.

Inventory:

Hand Weapons
 a - the +8 short sword "Luniatu" (weapon) {pierce, rElec Int+6 Dex-3}
   (You bought it in a shop on level 7 of the Dungeon)

   It inflicts extra damage upon your enemies.
   It affects your intelligence (+6).
   It affects your dexterity (-3).
   It insulates you from electricity.
 z - the +5 mace of the Yoke {flame, rPois rF+ Str+2}
   (You took it off an orc on level 4 of the Dungeon)

   It has been specially enchanted to burn those struck by it, causing extra
   injury to most foes and up to half again as much damage against particularly
   susceptible opponents.
   It affects your strength (+2).
   It protects you from fire.
   It protects you from poison.
Missiles
 q - 4 curare-tipped darts
 x - 25 boomerangs
 A - 12 javelins
 C - 7 atropa-tipped darts
 N - 97 poisoned darts (quivered)
 S - a throwing net
Armour
 n - a +1 pair of boots (worn)
 r - a +0 troll leather armour (worn)
 E - a +2 leather armour of cold resistance
 G - a +1 cloak (worn)
 K - a +0 shield (worn)
 Q - a scarf of resistance
 U - a +2 helmet of intelligence (worn)
Magical Staves
 b - an uncursed staff of cold
Jewellery
 j - an uncursed ring of ice
 v - an uncursed ring of see invisible
 M - a +4 ring of protection (right claw)
 O - an uncursed ring of poison resistance
 P - a ring of magical power (left claw)
 R - an amulet of faith (around neck)
 T - an uncursed amulet of guardian spirit {unknown}
 V - an uncursed ring of protection from cold
Wands
 i - a wand of paralysis (10)
 k - a wand of acid (8)
 I - a wand of polymorph (19)
 Z - a wand of digging (4)
Scrolls
 d - 3 scrolls of identify
 e - 2 scrolls of holy word
 h - 9 scrolls of remove curse
 w - 7 scrolls of magic mapping
 F - a scroll of blinking
Potions
 f - 7 potions of curing
 g - 6 potions of flight
 l - a potion of might
 o - a potion of ambrosia
 p - 5 potions of lignification
 s - 3 potions of agility
 t - 2 potions of invisibility {unknown}
 u - 2 potions of resistance
 B - a potion of berserk rage
 H - a potion of heal wounds
 L - 3 potions of brilliance {unknown}
Miscellaneous
 X - 2 phantom mirrors
 Y - a sack of spiders
Comestibles
 c - 39 rations
 J - 10 chunks of flesh


   Skills:
 * Level 5.5 Fighting
 + Level 6.0 Short Blades
 - Level 3.0 Maces & Flails
 - Level 6.7 Armour
 - Level 2.4 Dodging
 - Level 4.5 Stealth
 * Level 11.2 Shields
 + Level 12.3 Spellcasting
 * Level 10.0 Conjurations
 - Level 5.0 Summonings
 * Level 6.0 Translocations
 - Level 10.5 Fire Magic
 - Level 4.6 Ice Magic
 * Level 4.2 Air Magic
 * Level 5.7 Invocations
 - Level 2.7 Evocations


You had 7 spell levels left.
You knew the following spells:

 Your Spells              Type           Power        Failure   Level  Hunger
a - Flame Tongue          Conj/Fire      #####        1%          1    None
b - Conjure Flame         Conj/Fire      ######..     1%          3    None
c - Sticky Flame          Conj/Fire      ######..     1%          4    None
d - Fireball              Conj/Fire      ######....   2%          5    ##.....
e - Summon Lightning Spi  Summ/Air       #####...     10%         4    None
f - Summon Small Mammal   Summ           ####         1%          1    None
g - Throw Icicle          Conj/Ice       ######..     3%          4    None
h - Blink                 Tloc           N/A          1%          2    None
i - Passage of Golubria   Tloc           N/A          4%          4    None
j - Swiftness             Chrm/Air       ####....     4%          2    None

Your spell library contained the following spells:

 Spells                   Type           Power        Failure   Level  Hunger
 Freeze                   Ice            ####         1%          1    None
 Magic Dart               Conj           ####         1%          1    None
 Shock                    Conj/Air       ####         1%          1    None
 Sting                    Conj/Pois      ####         1%          1    None
 Call Imp                 Summ           #####...     1%          2    None
 Searing Ray              Conj           ######       1%          2    None
 Throw Flame              Conj/Fire      ######       1%          2    None
 Throw Frost              Conj/Ice       ######       1%          2    None
 Gell's Gravitas          Tloc           ######....   1%          3    None
 Lesser Beckoning         Tloc           ######....   1%          3    None
 Static Discharge         Conj/Air       ######..     1%          3    None
 Teleport Other           Tloc           ######..     1%          3    None
 Iskenderun's Mystic Bla  Conj           ######..     1%          4    None
 Shroud of Golubria       Chrm/Tloc      #####.       2%          2    None
 Call Canine Familiar     Summ           #####...     2%          3    None
 Dazzling Spray           Conj/Hex       #####.       2%          3    None
 Inner Flame              Hex/Fire       #####...     2%          3    None
 Mephitic Cloud           Conj/Pois/Air  #####...     2%          3    None
 Force Lance              Conj/Tloc      ######..     2%          4    None
 Ensorcelled Hibernation  Hex/Ice        ####..       3%          2    None
 Poisonous Vapours        Pois/Air       ####..       4%          2    None
 Portal Projectile        Hex/Tloc       #####.       5%          3    None
 Ozocubu's Armour         Chrm/Ice       ####....     7%          3    None
 Summon Guardian Golem    Hex/Summ       ####....     7%          3    None
 Fulminant Prism          Conj/Hex       #####.....   8%          4    None
 Summon Ice Beast         Ice/Summ       #####...     9%          4    None
 Slow                     Hex            ###.....     10%         2    None
 Lightning Bolt           Conj/Air       ######....   10%         5    ##.....
 Airstrike                Air            #####.....   11%         4    None
 Spider Form              Tmut/Pois      ###.......   19%         3    None
 Tukima's Dance           Hex            ###.....     19%         3    None
 Irradiate                Conj/Tmut      #####.....   22%         5    ##.....
 Venom Bolt               Conj/Pois      #####.....   22%         5    ##.....
 Ice Form                 Ice/Tmut       ####....     24%         4    None
 Bolt of Cold             Conj/Ice       ######....   43%         6    ####...
 Olgreb's Toxic Radiance  Pois           ###.....     52%         4    None
 Metabolic Englaciation   Hex/Ice        ####......   54%         5    ##.....
 Freezing Cloud           Conj/Ice/Air   ######....   58%         6    ####...
 Dispersal                Tloc           ######....   61%         6    ####...
 Poison Arrow             Conj/Pois      #####.....   77%         6    ####...
 Ozocubu's Refrigeration  Ice            #####.....   80%         6    ####...
 Spellforged Servitor     Conj/Summ      ######....   94%         7    ######.
 Simulacrum               Ice/Necr       ####......   98%         6    ####...
 Hydra Form               Tmut           ###.......   100%        6    ####...
 Statue Form              Tmut/Erth      ###......    100%        6    ####...
 Dragon Form              Tmut           ###.......   100%        7    ######.
 Summon Greater Demon     Summ           #####.....   100%        7    ######.
 Controlled Blink         Tloc           N/A          100%        8    #######
 Disjunction              Tloc           ######....   100%        8    #######


Dungeon Overview and Level Annotations

Branches:
Dungeon (15/15)            Temple (1/1) D:6            Lair (5/6) D:11
  Swamp (0/4) Lair:2        Snake (0/4) Lair:2          Orc (0/2) D:10
 Vaults (0/5) D:14         Depths (0/5) D:15          IceCv (visited)
  Slime: Lair:5-6

Altars:
Ashenzari
Cheibriados
Dithmenos
Elyvilon
Fedhas
Gozag
Hepliaklqana
Kikubaaqudgha
Makhleb
Nemelex Xobeh
Okawaru
Qazlal
Ru
Sif Muna
Trog
Uskayaw
Vehumet
Wu Jian
Xom
Yredelemnul
Zin
The Shining One

Shops:
D:7 (   D:10 (   D:15 [}(

Annotations:
D:2 exclusion: 2 downstairs
D:3 exclusion: downstairs
D:5 1 runed translucent door, exclusion: downstairs
D:6 exclusion: downstairs
D:11 exclusion: downstairs
D:13 exclusion: downstairs
Lair:4 exclusion: downstairs


Innate Abilities, Weirdness & Mutations

You have sharp fingernails.
You are partially covered in thin metallic scales. (AC +2)
You are agile. (Dex +2)
You can translocate small distances at will.
Your body sometimes deteriorates upon taking damage.


Message History

The dream sheep bites you but does no damage.
You block the dream sheep's attack.
The dream sheep bites you but does no damage.
The dream sheep bites you.
The dream sheep bites you but does no damage. x2
The dream sheep bleats!
There is a stone staircase leading up here.
You block the dream sheep's attack. The dream sheep bites you!
The dream sheep closely misses you. The dream sheep bites you.
You climb upwards.
Level annotation: exclusion: downstairs
There is a stone staircase leading down here.
Unknown command.
The dream sheep ruffle their wool and motes of dream dust sparkle, to no effect.
The dream sheep bites you!
* * * LOW HITPOINT WARNING * * *
The dream sheep are wreathed in dream dust.
You feel drowsy...
You fall asleep.
The dream sheep bites you!!
You die...

####### P##...### ###
.P.>..#.# ##.## ###
........###...#####.##
........##P..##.#..#.######
.......##P...###@.......#.#
......###..####YY........##
.......##..# ##>Y.........#
(....###..####.Y..........###
.........P# #...............#
##.###....###..............##
######.....................#
#P...#...............).##
#....###................#


You could see 4 dream sheep.

Vanquished Creatures
  Frances (D:13)
  A frost giant (IceCv)
  3 hydras
  2 vault guards (D:14)
  Fannar (D:10)
  An ice dragon (D:12)
  3 centaur warriors
  5 two-headed ogres
  A tengu warrior (D:15)
  Nergalle (Lair:3)
  2 unseen horrors
  5 wizards (D:14)
  A deep elf archer (D:14)
  Pikel (D:7)
  3 deep elf magi
  14 ugly things
  An orc sorcerer (D:14)
  2 manticores
  3 cyclopes
  7 elephants
  An ice statue (IceCv)
  4 black mambas
  4 gargoyles
  Psyche (D:12)
  2 spiny frogs
  4 komodo dragons
  2 kobold demonologists (D:15)
  11 rime drakes
  A tengu conjurer (D:14)
  10 polar bears
  7 trolls
  A meliai (shapeshifter) (D:13)
  A wind drake (shapeshifter) (D:14)
  5 slime creatures
  3 blink frogs (Lair:5)
  Sigmund (D:4)
  6 hippogriffs
  A wraith (D:14)
  A shadow (D:13)
  A spriggan (shapeshifter) (D:13)
  A basilisk (shapeshifter) (D:13)
  Grum (Lair:1)
  49 yaks
  A human (D:14)
  A hungry ghost (D:10)
  2 vampire mosquitoes (D:14)
  A basilisk (D:12)
  4 steam dragons (Lair:3)
  Edmund (D:6)
  A soldier ant (D:13)
  A naga (Lair:2)
  3 water moccasins
  3 porcupines
  Duvessa (D:4)
  A swamp drake (Lair:2)
  5 ice beasts
  5 sky beasts
  4 orc warriors
  A phantom (D:10)
  A slave (D:6)
  3 boggarts (D:13)
  A necrophage (D:9)
  7 ogres
  15 wolves
  7 centaurs
  22 crocodiles
  7 big kobolds
  14 bullfrogs
  Dowan (D:4)
  A water moccasin zombie (D:9)
  2 wyvern skeletons
  4 scorpions
  12 killer bees
  5 howler monkeys
  6 wights
  2 electric eels
  6 crimson imps
  A bullfrog zombie (D:10)
  A quasit (D:7)
  3 centaur zombies
  7 hounds
  7 orc priests
  3 jellies
  14 orc wizards
  6 centaur skeletons
  Natasha (thrice) (D:4)
  6 iguanas
  9 worker ants
  A hound zombie (D:6)
  A hound skeleton (D:4)
  Robin (D:3)
  A howler monkey zombie (D:10)
  A worker ant zombie (D:5)
  6 adders
  5 shadow imps
  An adder zombie (D:6)
  An adder skeleton (D:6)
  A worm (D:2)
  A dart slug (D:1)
  19 leopard geckos
  48 orcs
  5 bats
  3 giant cockroaches
  15 goblins
  9 hobgoblins
  8 jackals
  53 kobolds
  4 quokkas
  2 ball pythons
  10 frilled lizards
  A leopard gecko skeleton (D:4)
  A quokka zombie (D:10)
  15 rats
  4 plants (D:11)
604 creatures vanquished.

Vanquished Creatures (collateral kills)
  A hydra (Lair:3)
  3 vault guards (D:14)
  An ugly thing (D:14)
  A cyclops (D:14)
  An elephant (Lair:2)
  A spiny frog (Lair:3)
  5 rime drakes (Lair:3)
  A komodo dragon (Lair:4)
  An efreet (D:14)
  6 dream sheep
  A hippogriff (Lair:3)
  A wyvern (Lair:3)
  6 yaks
  A wraith (D:14)
  5 steam dragons (Lair:3)
  A naga (Lair:2)
  2 water moccasins
  A porcupine (Lair:3)
  A black bear (Lair:3)
  A crocodile (Lair:5)
  2 bullfrogs (Lair:3)
  An orc priest (D:13)
  An orc wizard (D:13)
  2 orcs (D:13)
47 creatures vanquished.

Vanquished Creatures (others)
  5 polar bears (IceCv)
  3 yaks (IceCv)
  6 wolves (IceCv)
  5 fungi
  34 plants
53 creatures vanquished.

Grand Total: 704 creatures vanquished

Notes
Turn   | Place    | Note
-------+----------+-------------------------------------------
     0 | D:1      | yeosin the Deep Elf Fire Elementalist began the quest for
                  | the Orb.
     0 | D:1      | Reached XP level 1. HP: 10/10 MP: 6/6
   377 | D:1      | Reached XP level 2. HP: 15/15 MP: 4/8
  1500 | D:1      | Reached XP level 3. HP: 17/19 MP: 5/10
  1814 | D:2      | Reached skill level 1 in Armour
  1944 | D:2      | Reached skill level 4 in Spellcasting
  1944 | D:2      | Reached XP level 4. HP: 15/24 MP: 0/12
  2258 | D:2      | Learned a level 3 spell: Conjure Flame
  3176 | D:3      | Noticed Robin
  4049 | D:3      | Killed Robin
  4049 | D:3      | Reached XP level 5. HP: 16/28 MP: 9/13
  4315 | D:4      | Noticed Duvessa
  4315 | D:4      | Noticed Natasha
  4324 | D:4      | Killed Natasha
  4425 | D:4      | Noticed Dowan
  4525 | D:4      | Learned a level 4 spell: Sticky Flame
  4535 | D:4      | Noticed an ogre
  4547 | D:4      | Killed an ogre
  4547 | D:4      | Reached skill level 5 in Fire Magic
  4577 | D:4      | Noticed an ogre
  4589 | D:4      | Killed an ogre
  4589 | D:4      | Reached XP level 6. HP: 32/32 MP: 14/14
  4782 | D:4      | Noticed Sigmund
  4850 | D:4      | Noticed Natasha
  4863 | D:4      | Killed Natasha
  4953 | D:4      | Noticed Natasha
  4959 | D:4      | Killed Natasha
  5264 | D:4      | Identified the +5 mace of the Yoke {flame, rPois rF+ Str+2}
  5648 | D:4      | Reached XP level 7. HP: 20/37 MP: 15/15
  5654 | D:4      | Reached skill level 1 in Evocations
  5876 | D:4      | Killed Duvessa
  5877 | D:4      | Killed Dowan
  5918 | D:4      | Reached skill level 1 in Fighting
  6146 | D:4      | Killed Sigmund
  6146 | D:4      | Reached skill level 1 in Maces & Flails
  6349 | D:4      | Reached XP level 8. HP: 43/43 MP: 12/16
  6597 | D:5      | Entered Level 5 of the Dungeon
  6600 | D:5      | Found a glowing golden altar of the Shining One.
  6601 | D:5      | Found a runed translucent door.
  6601 | D:5      | Noticed an angel
  7266 | D:6      | Reached skill level 5 in Conjurations
  7334 | D:6      | Reached skill level 5 in Spellcasting
  7911 | D:6      | Found a staircase to the Ecumenical Temple.
  7921 | Temple   | Entered the Ecumenical Temple
  8012 | Temple   | Became a worshipper of Sif Muna the Loreminder
  8346 | D:6      | Noticed Edmund
  8394 | D:6      | Killed Edmund
  8394 | D:6      | Reached XP level 9. HP: 44/48 MP: 0/19
  8570 | D:6      | Learned a level 5 spell: Fireball
  8597 | D:7      | Reached skill level 6 in Spellcasting
  8849 | D:7      | Found Seggaeth's Weapon Boutique.
  9526 | D:7      | Learned a level 4 spell: Summon Lightning Spire
  9838 | D:7      | Reached * piety under Sif Muna
 10238 | D:7      | Reached skill level 1 in Shields
 10465 | D:7      | Reached skill level 5 in Armour
 10478 | D:7      | Reached skill level 7 in Spellcasting
 10591 | D:7      | Learned a level 1 spell: Summon Small Mammal
 10724 | D:7      | Noticed Pikel
 10738 | D:7      | Killed Pikel
 10738 | D:7      | Reached skill level 1 in Summonings
 11501 | D:8      | Found a shimmering altar of Xom.
 11527 | D:8      | Reached ** piety under Sif Muna
 11530 | D:8      | Found a shimmering blue altar of Sif Muna.
 11530 | D:8      | Found a basalt altar of Yredelemnul.
 11535 | D:8      | Found a snail-covered altar of Cheibriados.
 11535 | D:8      | Found a white marble altar of Elyvilon.
 11535 | D:8      | Found a bloodstained altar of Trog.
 11622 | D:8      | Learned a level 4 spell: Throw Icicle
 12154 | D:9      | Reached skill level 1 in Ice Magic
 12337 | D:9      | Noticed a troll
 12347 | D:9      | Killed a troll
 12347 | D:9      | Reached XP level 10. HP: 53/53 MP: 13/23
 12533 | D:9      | Noticed a two-headed ogre
 12551 | D:9      | Killed a two-headed ogre
 12551 | D:9      | Reached skill level 8 in Spellcasting
 12823 | D:9      | Reached *** piety under Sif Muna
 13226 | D:10     | Entered Level 10 of the Dungeon
 13674 | D:10     | Found a staircase to the Orcish Mines.
 13731 | D:10     | Found Cethro's Weapon Shop.
 13980 | D:10     | Noticed Fannar
 13994 | D:10     | Killed Fannar
 14266 | D:10     | Identified the Reference Book on the Snowflakes
 14275 | D:10     | Gained mutation: You are covered in fur. (AC +1) [potion of
                  | mutation]
 14275 | D:10     | Gained mutation: You have sharp fingernails. [potion of
                  | mutation]
 14276 | D:10     | Gained mutation: You are clumsy. (Dex -2) [potion of
                  | mutation]
 14276 | D:10     | Gained mutation: You are very clumsy. (Dex -4) [potion of
                  | mutation]
 14276 | D:10     | Gained mutation: You have a somewhat thin skeletal
                  | structure. (Dex +2, Stealth) [potion of mutation]
 14277 | D:10     | Lost mutation: You are very clumsy. (Dex -4) [potion of
                  | mutation]
 14277 | D:10     | Lost mutation: You are clumsy. (Dex -2) [potion of
                  | mutation]
 14277 | D:10     | Lost mutation: You have a somewhat thin skeletal structure.
                  | (Dex +2, Stealth) [potion of mutation]
 14277 | D:10     | Gained mutation: Armour fits poorly on your strangely
                  | shaped body. [potion of mutation]
 14277 | D:10     | Gained mutation: You are clumsy. (Dex -2) [potion of
                  | mutation]
 14277 | D:10     | Gained mutation: You are partially covered in thin metallic
                  | scales. (AC +2) [potion of mutation]
 14305 | D:10     | Reached **** piety under Sif Muna
 14553 | D:7      | Bought the +8 short sword "Luniatu" {pierce, rElec Int+6
                  | Dex-3} for 648 gold pieces
 14719 | D:10     | Reached skill level 9 in Spellcasting
 14823 | D:11     | Noticed a cyclops
 14832 | D:11     | Noticed a manticore
 14837 | D:11     | Killed a manticore
 15009 | D:11     | Found a staircase to the Lair.
 15047 | D:11     | Noticed a gargoyle
 15060 | D:11     | Killed a gargoyle
 15060 | D:11     | Reached XP level 11. HP: 26/60 MP: 14/26
 15321 | D:11     | Noticed an unseen horror
 15333 | D:11     | Killed an unseen horror
 15333 | D:11     | Reached skill level 1 in Short Blades
 15981 | D:12     | Found a frozen archway.
 15983 | D:12     | Noticed an ice dragon
 16015 | D:12     | Killed an ice dragon
 16015 | D:12     | Reached skill level 10 in Fire Magic
 16063 | IceCv    | Entered an ice cave
 17781 | IceCv    | Reached skill level 1 in Invocations
 18612 | IceCv    | Reached ***** piety under Sif Muna
 18612 | IceCv    | Reached XP level 12. HP: 59/66 MP: 21/27
 18655 | IceCv    | Reached skill level 1 in Air Magic
 19319 | IceCv    | Noticed a frost giant
 19330 | IceCv    | Received a gift from Sif Muna
 19385 | IceCv    | Killed a frost giant
 20364 | D:12     | Noticed Psyche
 20367 | D:12     | Noticed a two-headed ogre
 20375 | D:12     | Killed Psyche
 20375 | D:12     | Reached skill level 5 in Shields
 20380 | D:12     | Killed a two-headed ogre
 20555 | D:11     | Noticed a two-headed ogre
 20566 | D:11     | Killed a two-headed ogre
 20625 | D:11     | Noticed a five-headed hydra
 20633 | D:11     | Killed a five-headed hydra
 22067 | D:13     | Noticed a two-headed ogre
 22067 | D:13     | Noticed an eight-headed hydra
 22082 | D:13     | Learned a level 2 spell: Blink
 22117 | D:13     | Noticed a two-headed ogre
 22164 | D:13     | Killed a two-headed ogre
 22429 | D:13     | Killed an eight-headed hydra
 22819 | D:13     | Reached XP level 13. HP: 63/72 MP: 22/28
 22984 | D:13     | Identified Sif Muna's Almanac of Poisonous Curses (Sif Muna
                  | gifted it to you on level 13 of the Dungeon)
 22984 | D:13     | Received a gift from Sif Muna
 23044 | D:13     | Noticed Frances
 23284 | D:13     | Killed Frances
 23970 | D:13     | Found a radiant altar of Vehumet.
 24347 | D:13     | Reached skill level 10 in Shields
 24647 | D:13     | Reached skill level 1 in Translocations
 25079 | D:14     | You fall into a shaft and drop 1 floor!
 25079 | D:15     | Entered Level 15 of the Dungeon
 25161 | D:15     | Found Woppa's Weapon Shoppe.
 25250 | D:15     | Found Esulesas's Gadget Shoppe.
 25373 | D:15     | Found Efopheob's Antique Armour Boutique.
 25377 | D:15     | Bought a glowing helmet for 277 gold pieces
 25445 | D:15     | Reached skill level 10 in Spellcasting
 25669 | D:14     | Received a gift from Sif Muna
 26457 | D:14     | Learned a level 4 spell: Passage of Golubria
 26460 | D:14     | Learned a level 2 spell: Swiftness
 26695 | D:14     | Reached XP level 14. HP: 76/76 MP: 21/30
 26902 | D:14     | Reached skill level 11 in Spellcasting
 26957 | D:14     | Reached skill level 5 in Short Blades
 26981 | D:14     | Lost mutation: You are clumsy. (Dex -2) [potion of
                  | mutation]
 26981 | D:14     | Lost mutation: You are covered in fur. (AC +1) [potion of
                  | mutation]
 26981 | D:14     | Lost mutation: Armour fits poorly on your strangely shaped
                  | body. [potion of mutation]
 26981 | D:14     | Gained mutation: You can translocate small distances at
                  | will. [potion of mutation]
 26981 | D:14     | Gained mutation: Your body sometimes deteriorates upon
                  | taking damage. [potion of mutation]
 26981 | D:14     | Gained mutation: You are agile. (Dex +2) [potion of
                  | mutation]
 27612 | D:14     | Reached skill level 5 in Fighting
 27762 | D:14     | Found a gate to the Vaults.
 27937 | Lair:1   | Entered Level 1 of the Lair of Beasts
 28239 | Lair:1   | Noticed Grum
 28253 | Lair:1   | Killed Grum
 28510 | Lair:1   | Identified Sif Muna's Almanac of Summoning (Sif Muna gifted
                  | it to you on level 1 of the Lair of Beasts)
 28510 | Lair:1   | Received a gift from Sif Muna
 28783 | Lair:1   | Reached skill level 5 in Translocations
 29713 | Lair:2   | Found a staircase to the Snake Pit.
 30124 | Lair:2   | Found a staircase to the Swamp.
 30744 | Lair:3   | Reached skill level 5 in Invocations
 30753 | Lair:3   | Reached skill level 12 in Spellcasting
 30984 | Lair:3   | Received a gift from Sif Muna
 31590 | Lair:3   | Noticed Nergalle
 31639 | Lair:3   | Killed Nergalle
 33340 | Lair:5   | Reached skill level 10 in Conjurations
 33563 | Lair:5   | Reached skill level 5 in Summonings
 33638 | Lair:4   | Mangled by a dream sheep

Levels and vault maps discovered:
D:1:      dpeg_arrival_yet_another_circle, layout_loops_corners,
          chequers_avenue, minmay_misc_feat_x
D:2:      layout_rooms, minmay_pentomino_v4
D:3:      layout_loops_ring, uniq_robin
D:4:      minmay_door_path, layout_basic, st_stairs_1, uniq_duvessa,
          uniq_sigmund, uniq_natasha
D:5:      layout_basic, first_ration, lemuel_angel_altar
D:6:      layout_basic, minmay_temple_entry_stoned_glass, minmay_small_thing,
          uniq_edmund
D:7:      kennysheep_kobold_camp, layout_loops_ring, serial_shops, shop_statue,
          uniq_pikel
D:8:      layout_basic, doesnt_xom_only_xom
D:9:      layout_roguey
D:10:     layout_loops_ring, orc_david_3, uniq_fannar
D:11:     minmay_diamond_stairs, layout_long_grid, dpeg_oklobed_lair
D:12:     layout_rooms, portal_ice_cave_entry_animals_and_master,
          grunt_ogre_cave, uniq_psyche
D:13:     cheibrodos_fzero, layout_irregular_city, lemuel_tele_altar,
          uniq_frances
D:14:     minmay_wizard_corner, layout_loops_ring, grunt_vaults_entry_fortified,
          hangedman_decor_points
D:15:     grunt_enter_depths_snipers, layout_loops_ring, serial_shops,
          nicolae_shop_stone, nicolae_shop_waterfront, shop, nicolae_shop_stone,
          grunt_decor_mini_mirrors, fedhas_altar_3
Temple:   compressed_dpeg_circular_temple
Lair:1:   lemuel_reptile_caves, layout_loops_ring, cheibrodos_lair_reptile_den,
          uniq_grum
Lair:2:   layout_long_grid, minmay_swamp_entry_reptiles,
          guppyfry_snake_entry_garden, chequers_serial_rivers_large_a,
          serial_bayou_lagoon_b, infiniplex_staircase_pool_2
Lair:3:   layout_regular_city, bobbens_dragon_lair_wall,
          infiniplex_staircase_pool, uniq_nergalle
Lair:4:   layout_cave_pods, minivault_19
Lair:5:   layout_regular_city, chequers_serial_rivers_micro_e, uniq_rupert

Skill      XL: |  1  2  3  4  5  6  7  8  9 10 11 12 13 14 |
---------------+-------------------------------------------+-----
Fire Magic     | 4 5 6 7 8 9 10 | 10.5
Armour         | 1 2 3 4 5 6 |  6.7
Spellcasting   | 4 5 7 9 10 12 | 12.3
Conjurations   | 2 3 4 5 6 7 9 10 | 10.0
Evocations     | 2 |  2.7
Fighting       | 1 2 3 4 5 |  5.5
Maces & Flails | 1 2 3 |  3.0
Shields        | 2 3 4 8 10 11 | 11.2
Summonings     | 2 4 5 |  5.0
Ice Magic      | 1 3 4 |  4.6
Short Blades   | 3 4 6 |  6.0
Invocations    | 1 3 5 |  5.7
Air Magic      | 3 4 |  4.2
Stealth        | 3 4 |  4.5
Translocations | 4 6 |  6.0
Dodging        | |  2.4

Action                   |  1- 3 |  4- 6 |  7- 9 | 10-12 | 13-15 || total
-------------------------+-------+-------+-------+-------+-------++-------
Melee: Club              |     1 |       |       |       |       ||     1
       Short sword       |       |    32 |       |    87 |   599 ||   718
       Mace              |       |     5 |    94 |   113 |       ||   212
Throw: Boomerang         |       |     3 |    10 |    30 |     6 ||    49
       Dart              |       |       |     7 |    27 |    72 ||   106
 Cast: Flame Tongue      |    84 |   104 |   273 |   444 |   135 ||  1040
       Conjure Flame     |       |     2 |    13 |    46 |    26 ||    87
       Sticky Flame      |       |       |     4 |    44 |   114 ||   162
       Fireball          |       |       |       |    15 |    37 ||    52
       Summon Lightning  |       |       |       |     1 |    50 ||    51
       Throw Icicle      |       |       |       |       |     7 ||     7
       Summon Small Mamm |       |       |       |       |     1 ||     1
       Swiftness         |       |       |       |       |     1 ||     1
Evoke: Wand              |       |     6 |     7 |    10 |     6 ||    29
  Use: Potion            |       |     2 |     3 |     7 |     2 ||    14
       Scroll            |       |     4 |     6 |    14 |     7 ||    31
 Stab: Paralysed         |       |    11 |    10 |       |       ||    21
       Sleeping          |       |     1 |     3 |     2 |     6 ||    12
       Distracted        |       |       |     1 |     1 |     1 ||     3
  Eat: Chunk             |     3 |    11 |    19 |    25 |    35 ||    93
       Ration            |       |       |     1 |     3 |     1 ||     5
Armor: Leather armour    |     9 |     5 |    75 |   169 |    36 ||   294
       Ring mail         |       |    23 |       |       |       ||    23
       Troll leather arm |       |       |       |       |   201 ||   201
Dodge: Dodged            |    18 |    54 |   142 |   163 |   197 ||   574
Block: Shield            |       |       |       |    75 |   266 ||   341
